 Dungeon Crawl Stone Soup version 0.30-a0-782-ge64f9170bb (webtiles) character file.

Game seed: 695756684037448377

828 Haldmier the Sneak (level 7, -8/57 HPs)
             Began as a Naga Hedge Wizard on Mar 6, 2023.
             Was an Initiate of Hepliaklqana.
             Killed from afar by a steam dragon (20 damage)
             ... with a ball of steam
             ... on level 6 of the Dungeon.
             The game lasted 00:35:36 (6803 turns).

Haldmier the Sneak (Naga Hedge Wizard)              Turns: 6803, Time: 00:35:37

Health: -8/57      AC:  4    Str: 12    XL:     7   Next: 97%
Magic:  6/6        EV: 14    Int: 21    God:    Hepliaklqana [......]
Gold:   264        SH:  5    Dex: 11    Spells: 2/12 levels left

rFire   . . .      SeeInvis +    D - +7 war axe of Teas {antimagic, Int+5}
rCold   . . .      Faith    .    (no shield)
rNeg    . . .      Spirit   .    k - +0 leather armour
rPois   +          Reflect  +    c - +0 hat
rElec   .          Harm     .    f - scarf {+Inv}
rCorr   .          Rampage  .    r - +0 pair of gloves
Will    .....                    (no barding)
Stlth   +++                      x - amulet of reflection
HPRegen 0.29/turn                u - +5 ring of evasion
MPRegen 0.10/turn                A - ring of magical power

@: very slow
A: AC +2, large, see invisible, deformed body, poison resistance, slowness 2,
spit poison 1, naga tail 1
a: Spit Poison, Renounce Religion, Evoke Invisibility


You were on level 6 of the Dungeon.
You worshipped Hepliaklqana.
Hepliaklqana was noncommittal.
You visited 2 branches of the dungeon, and saw 7 of its levels.
You also visited: Ossuary.

You collected 264 gold pieces.

Inventory:

Hand Weapons
 q - a +2 short sword of speed
 w - a +2 heavy falchion
 B - a +0 trident
 D - the +7 war axe of Teas (weapon) {antimagic, Int+5}
   (You found it on level 5 of the Dungeon)

   Int:       It affects your intelligence (+5).
Missiles
 a - 6 javelins
 b - 3 atropa-tipped darts
 g - 6 poisoned darts
Armour
 c - a +0 hat (worn)
 f - a scarf of invisibility (worn)
 k - a +0 leather armour (worn)
 r - a +0 pair of gloves (worn)
 C - a +0 cloak
Jewellery
 u - a +5 ring of evasion (left hand)
 x - an amulet of reflection (around neck)
 A - a ring of magical power (right hand)
Wands
 t - a wand of flame (13)
Scrolls
 h - a scroll of blinking {unknown}
 n - 3 scrolls of identify {unknown}
 o - a scroll of immolation {unknown}
 s - a scroll of fog {unknown}
 y - 2 scrolls of magic mapping {unknown}
 z - a scroll of fear {unknown}
Potions
 d - a potion of magic
 e - 2 potions of ambrosia {unknown}
 i - a potion of degeneration {unknown}
 j - 2 potions of might {unknown}
 l - 6 potions of curing
 m - a potion of resistance {unknown}
 p - a potion of attraction {unknown}
 v - a potion of heal wounds {unknown}


   Skills:
 + Level 1.4 Fighting
 - Level 1.5 Dodging
 + Level 5.2 Stealth
 - Level 3.0 Spellcasting
 + Level 3.6 Conjurations
 - Level 3.0 Summonings
 + Level 2.3 Necromancy
 + Level 2.8 Translocations
 + Level 2.4 Air Magic
 + Level 3.1 Poison Magic
 + Level 2.9 Evocations


You had 2 spell levels left.
You knew the following spells:

 Your Spells              Type           Power      Damage    Failure   Level
a - Magic Dart            Conj           72%        1d6       3%          1
b - Blink                 Tloc           30%        N/A       8%          2
c - Call Imp              Summ           15%        N/A       8%          2
d - Cigotuvi's Dreadful   Necr/Pois/Air  28%        N/A       9%          2
e - Mephitic Cloud        Conj/Pois/Air  15%        N/A       14%         3

Your spell library contained the following spells:

 Spells                   Type           Power      Damage    Failure   Level
 Necrotise                Necr           48%        1d6       6%          1
 Slow                     Hex            12%        N/A       17%         1
 Vampiric Draining        Necr           12%        2d6       19%         3
 Inner Flame              Hex/Fire       3%         N/A       45%         3
 Ozocubu's Armour         Ice            3%         N/A       45%         3
 Cause Fear               Hex            1%         N/A       86%         4
 Agony                    Necr           12%        N/A       87%         5
 Metabolic Englaciation   Hex/Ice        1%         N/A       99%         5
 Simulacrum               Ice/Necr       4%         N/A       100%        6
 Discord                  Hex            1%         N/A       100%        8


Dungeon Overview and Level Annotations

Branches:
Dungeon (6/15)             Temple (1/1) D:5         Ossuary (visited)

Altars:
Ashenzari
Cheibriados
Dithmenos
Elyvilon
Gozag
Hepliaklqana
Makhleb
Qazlal
Uskayaw
Vehumet
Wu Jian
Xom
Yredelemnul
Zin
The Shining One

Annotations:
D:4 2 runed translucent doors, exclusion: 3 wights, Stil's ghost, amateur DsFE


Innate Abilities, Weirdness & Mutations

Your serpentine skin is tough. (AC +2)
You have supernaturally acute eyesight. (SInv)
Armour fits poorly on your strangely shaped body.
Your system is resistant to poisons. (rPois)
You cover ground very slowly.
You can spit poison.
You have a snake-like lower body.


Message History

Found a scroll labelled SOEMMY NAJI.
A steam dragon and a shadow imp come into view.
The steam dragon hisses angrily.
The shadow imp disappears for a moment.
The shadow imp lashes its tail.
You slash the shadow imp!
The shadow imp's magic leaks into the air.
The shadow imp is almost dead.
The shadow imp barely misses you.
You hit the shadow imp.
You kill the shadow imp!
You barely miss the steam dragon. You block the steam dragon's attack.
The steam dragon claws you.
You hit the steam dragon.
The steam dragon is lightly wounded.
You block the steam dragon's attack. The steam dragon claws you.
The steam dragon bites you. The steam dragon closely misses you.
You slash the steam dragon!
The steam dragon is moderately wounded.
You block the steam dragon's attack. The steam dragon claws you.
You slash the steam dragon!
The steam dragon is severely wounded.
The steam dragon breathes steam at you. The ball of steam hits you!!
The steam dragon barely misses you. The steam dragon completely misses you.
You hear a shout!
You hit the steam dragon.
The steam dragon is almost dead.
You are engulfed in a cloud of scalding steam.
* * * LOW HITPOINT WARNING * * *
The steam dragon closely misses you.
The steam dragon claws you but does no damage.
You hit the steam dragon but do no damage.
The steam dragon is almost dead.
The steam dragon bites you.
* * * LOW HITPOINT WARNING * * *
The steam dragon misses you. The steam dragon breathes steam at you.
The ball of steam hits you!!
You die...

#.......#.....# #.. #..<#
###.# ##.. #...#.#...#
... #...#.#.### #
..#+#'#.#.....#
#.#.###.#.#.#(###.#'#####
#.#....§§§#.#............
......§.§#.#............
#...#§@§#.##...........
#....D#§#.##...........
..#...>##.#.#............
..........#.#.###'#+#####
..................#.#
....?.....####......#
........#....'......#
........#..###........#
........#..# #.....####


You could see a steam dragon (catching breath).

Vanquished Creatures
  2 black bears (D:5)
  An ogre (D:5)
  A phantom (D:4)
  2 scorpions (D:4)
  A hound (D:5)
  A jelly (D:5)
  2 iguanas
  An orc wizard (D:4)
  2 gnolls (D:3)
  6 adders
  A shadow imp (D:6)
  An ufetubus (D:4)
  3 worms
  2 dart slugs
  8 orcs
  11 ball pythons
  4 bats
  7 endoplasms
  2 giant cockroaches
  12 goblins
  9 hobgoblins
  A jackal (D:4)
  7 kobolds
  4 quokkas
  4 frilled lizards
  13 rats
108 creatures vanquished.

Vanquished Creatures (collateral kills)
  A hound (D:5)
  2 adders
  A jackal (D:4)
  A rat (D:3)
5 creatures vanquished.

Grand Total: 113 creatures vanquished

Notes
Turn   | Place    | Note
-------+----------+-------------------------------------------
     0 | D:1      | Haldmier the Naga Hedge Wizard began the quest for the Orb.
     0 | D:1      | Reached XP level 1. HP: 15/15 MP: 4/4
   157 | D:1      | Reached XP level 2. HP: 18/22 MP: 3/6
   364 | D:1      | Learned a level 2 spell: Blink
   367 | D:1      | Learned a level 2 spell: Call Imp
   370 | D:1      | Learned a level 2 spell: Cigotuvi's Dreadful Rot
   700 | D:1      | Reached XP level 3. HP: 28/28 MP: 3/7
  1085 | D:1      | Found a faded altar of an unknown god.
  2146 | D:2      | Reached XP level 4. HP: 36/36 MP: 2/8
  2647 | D:3      | Reached skill level 1 in Evocations
  2734 | D:3      | Found a stormy altar of Qazlal.
  3430 | D:3      | Reached skill level 1 in Poison Magic
  3541 | D:3      | Reached XP level 5. HP: 41/42 MP: 4/9
  3610 | D:3      | Reached skill level 1 in Air Magic
  3957 | D:4      | Reached skill level 1 in Necromancy
  3968 | D:4      | Reached skill level 4 in Stealth
  4094 | D:4      | Reached XP level 6. HP: 49/49 MP: 6/10
  4102 | D:4      | Found a sand-covered staircase.
  4121 | Ossuary  | Entered an ossuary
  5244 | D:4      | Learned a level 3 spell: Mephitic Cloud
  5278 | D:4      | Found a large runed translucent door.
  5280 | D:4      | Found a large runed translucent door.
  5282 | D:4      | Noticed Stil's ghost (amateur DsFE)
  5677 | D:5      | Entered Level 5 of the Dungeon
  5680 | D:5      | Noticed a black bear
  5691 | D:5      | Killed a black bear
  5692 | D:5      | Reached XP level 7. HP: 49/56 MP: 11/11
  5744 | D:5      | Found a glowing golden altar of the Shining One.
  5920 | D:5      | Reached skill level 1 in Fighting
  5920 | D:5      | Reached skill level 5 in Stealth
  6378 | D:5      | Found a staircase to the Ecumenical Temple.
  6406 | D:5      | Identified the +7 war axe of Teas {antimagic, Int+5}
  6412 | Temple   | Entered the Ecumenical Temple
  6567 | Temple   | Became a worshipper of Hepliaklqana the Forgotten
  6791 | D:6      | Noticed a steam dragon
  6803 | D:6      | Killed from afar by a steam dragon

Illustrated notes

Levels and vault maps discovered:
D:1:      minmay_arrival_solitary_statue, layout_basic,
          ebering_ecumenical_altar_abandoned
D:2:      layout_basic, minmay_rat_gold_closets
D:3:      layout_basic, nicolae_qazlal_scattered_showers, serial_rivers,
          chequers_serial_rivers_micro_b, chequers_serial_rivers_micro_a,
          chequers_serial_rivers_micro_a, chequers_serial_rivers_room_b
D:4:      layout_loops_corners, ebering_ghost_disaster_area,
          nicolae_ossuary_entry_false_entrances
D:5:      layout_loops_ring, nicolae_tso_swordbearing_angel, temple_statues
D:6:      layout_basic, kennysheep_mini, okawaru_metal_pillars_3,
          small_statue_intersection, kennysheep_nondescript, uniq_pikel
Temple:   hellmonk_temple_forest_ring

Skill      XL: |  1  2  3  4  5  6  7 |
---------------+----------------------+-----
Conjurations   | 2 3 |  3.6
Evocations     | 1 2 |  2.9
Summonings     | 2 3 |  3.0
Poison Magic   | 1 2 3 |  3.1
Air Magic      | 1 2 |  2.4
Necromancy     | 1 2 |  2.3
Stealth        | 4 5 |  5.2
Translocations | 2 |  2.8
Fighting       | 1 |  1.4
Dodging        | |  1.5
Spellcasting   | |  3.0

Action                     |  1- 3 |  4- 6 |  7- 9 || total
---------------------------+-------+-------+-------++-------
  Melee: Dagger            |    31 |       |       ||    31
         Short sword       |    20 |   151 |    23 ||   194
         Punch             |       |     1 |       ||     1
         War axe           |       |       |     8 ||     8
   Cast: Magic Dart        |    91 |    97 |    25 ||   213
         Call Imp          |     1 |    10 |     3 ||    14
         Blink             |       |     1 |       ||     1
         Cigotuvi's Dreadf |       |     1 |       ||     1
         Mephitic Cloud    |       |       |     3 ||     3
Ability: Spit Poison       |     5 |    15 |     4 ||    24
   Stab: Sleeping          |     6 |     5 |       ||    11
         Distracted        |       |     1 |     1 ||     2
         Confused          |       |       |     1 ||     1
 Armour: Robe              |     7 |       |       ||     7
         Leather armour    |     3 |    21 |     6 ||    30
  Dodge: Dodged            |    30 |    79 |    18 ||   127
  Block: Other             |       |     4 |     4 ||     8

Table legend: (Time is in decaauts)
 A = Elapsed time spent in this place.
 B = Non-inter-level travel time spent in this place.
 C = Inter-level travel time spent in this place.
 D = Time resting spent in this place.
 E = Time spent auto-exploring this place.
 F = Levels seen in this place.
 G = Mean time per level.
                   A        B        C        D        E       F      G
               +--------+--------+--------+--------+--------+-----+--------+
         Total |   8327 |   7952 |    375 |   1912 |   3445 |   8 | 1040.9 |
       Dungeon |   8094 |   7719 |    375 |   1912 |   3281 |   6 | 1349.0 |
        Temple |    224 |    224 |      0 |      0 |    163 |   1 |  224.0 |
       Ossuary |      7 |      7 |      0 |      0 |      0 |   1 |    7.0 |
               +--------+--------+--------+--------+--------+-----+--------+

Top non-repeatable levels by time:
     D:4: 2223 daAuts
     D:1: 1656 daAuts
     D:3: 1525 daAuts
     D:2: 1489 daAuts
     D:5: 1113 daAuts
  Temple: 224 daAuts
     D:6: 87 daAuts
 Ossuary: 7 daAuts
